 Dungeon Crawl Stone Soup version 0.19-a0-965-g50bf062 (webtiles) character file.

63 Grim the Insei (level 3, 0/42 HPs)
             Began as a Draconian Transmuter on July 12, 2016.
             Succumbed to a kobold's poison
             ... on level 3 of the Dungeon.
             The game lasted 00:03:50 (1895 turns).

Grim the Insei (Draconian Transmuter)               Turns: 1895, Time: 00:03:51

Health: 0/42       AC: 21    Str: 17    XL:     3   Next: 89%
Magic:  6/6        EV:  2    Int: 13    God:
Gold:   66         SH:  0    Dex: 12    Spells: 2 memorised, 3 levels left

rFire  . . .     SeeInvis .       - Unarmed
rCold  . . .     Gourm    .     (armour unavailable)
rNeg   + + +     Faith    .     (no shield)
rPois  +         Spirit   .     (helmet currently unavailable)
rElec  .         Dismiss  .     (cloak currently unavailable)
rCorr  .         Reflect  .     (gloves currently unavailable)
SustAt .         Harm     .     (boots currently unavailable)
MR     .....     NoTele   +     (no amulet)
Stlth  +.........               (no ring)
                                (no ring)

@: mighty, lethally poisoned (0 -> -16), tree-form, not resistant to hostile
enchantments, very unstealthy
A: unfitting armour, (cold-blooded), AC +5
a: no special abilities


You were on level 3 of the Dungeon.
You were not hungry.
You were a tree.
You visited 1 branch of the dungeon, and saw 3 of its levels.

You collected 66 gold pieces.

Inventory:

Missiles
 a - 21 arrows
Armour
 j - a +0 cloak (melded)
Jewellery
 l - an uncursed ring of resist corrosion {unknown}
Scrolls
 d - 7 scrolls of identify {unknown}
 e - a scroll of amnesia {unknown}
 f - a scroll of fear {unknown}
 n - a scroll of remove curse {unknown}
Books
 b - a book of Changes

   Spells                             Type                      Level
   a - Beastly Appendage              Transmutation                1
   b - Sticks to Snakes               Transmutation                2
   c - Spider Form                    Transmutation/Poison         3
   d - Ice Form                       Ice/Transmutation            4
   e - Blade Hands                    Transmutation                5
Comestibles
 c - 3 bread rations
 g - a chunk of flesh
 k - a royal jelly
 m - 4 fruits


   Skills:
 - Level 1.1 Fighting
 - Level 1.7 Dodging
 * Level 4.2 Unarmed Combat
 - Level 2.0 Spellcasting
 + Level 3.0 Transmutations


You had 3 spell levels left.
You knew the following spells:

 Your Spells              Type           Power        Failure   Level  Hunger
a - Beastly Appendage     Tmut           #.....       10%         1    ##.....
b - Sticks to Snakes      Tmut           #.......     12%         2    ###....


Dungeon Overview and Level Annotations

Branches:
Dungeon (3/15)

Altars:
Sif Muna


Innate Abilities, Weirdness & Mutations

((Your plain brown scales are hard. (AC +5)))
Your body does not fit into most forms of armour.
((You are cold-blooded and may be slowed by cold attacks.))


Message History

* * * LOW HITPOINT WARNING * * *
You feel sick.
The kobold shoots a poisoned needle.
The poisoned needle hits you!
You are more poisoned.
You are too injured to fight recklessly!
You punch the kobold!
You kill the kobold!
* * * LOW HITPOINT WARNING * * *
You feel sick.
The kobold shoots a poisoned needle.
The poisoned needle barely misses you.
* * * LOW HITPOINT WARNING * * *
You feel sick. The kobold hits you with a blowgun.
* * * LOW HITPOINT WARNING * * *
Items here: ( )) † a blowgun; 17 poisoned needles; a club; a goblin corpse You are too injured to fight recklessly!
Unknown command.
It was a potion of lignification.
You turn into a tree.
Your +0 cloak melds into your body.
Your roots penetrate the ground.
You die...

### ... ...
#.# >.. #.#
... ###<# ...
#.(.# #.##
#(### ###
#.#...##♣#
#....
#......K(#...#
####..(.([.#
........#####
?..#..(..
.#........
...........
###..?.g....
##.#.?..###


You could see a kobold.

Vanquished Creatures
  4 dart slugs
  An orc (D:3)
  2 giant cockroaches
  5 hobgoblins
  8 jackals (D:2)
  11 kobolds
  A ball python (D:1)
  6 bats
  2 giant newts
  7 goblins
  4 rats
51 creatures vanquished.

Notes
Turn   | Place    | Note
-------+----------+-------------------------------------------
     0 | D:1      | Grim the Draconian Transmuter began the quest for the Orb.
     0 | D:1      | Reached XP level 1. HP: 16/16 MP: 3/3
   262 | D:1      | Reached XP level 2. HP: 23/23 MP: 3/5
   921 | D:1      | Reached XP level 3. HP: 25/28 MP: 3/6
  1011 | D:1      | Learned a level 2 spell: Sticks to Snakes
  1375 | D:2      | Found a deep blue altar of Sif Muna.
  1455 | D:2      | Reached skill level 4 in Unarmed Combat
  1894 | D:3      | HP: 1/28 [kobold/blowgun (1)]
  1895 | D:3      | Succumbed to a kobold's poison

Vault maps used:
D:1:      scummos_arrival_checkerplants, serial_curves, eino_curves_01,
          eino_curves_02, minmay_misc_feat_enclosed, minmay_split_cup_small
D:2:      lemuel_blue_sif_altar, hangedman_abyss_or_decor_stabs
D:3:      first_bread, minmay_statues_item

Skill      XL: |  1  2  3 |
---------------+----------+-----
Unarmed Combat | 4 |  4.2
Transmutations | 3 |  3.0
Fighting       | |  1.1
Dodging        | |  1.7
Spellcasting   | |  2.0

Action                   || total
-------------------------++-------
Melee: Unarmed           ||   157
       Tailslap          ||    13
       Kick              ||     9
       Headbutt          ||     4
       Punch             ||     2
 Cast: Beastly Appendage ||    18
  Use: Potion            ||     2
  Eat: Chunk             ||     4
Armor: Skin              ||    66
Dodge: Dodged            ||   131
